AoeStats
← GardenToad

Arena

508568574Analyzed
1v1 RM · 10d ago on Sep 23, 2026· 47m 13s· 2 players
Game mode
Random Map
Map size
Tiny (2 player)
Population
200
Speed
Normal
Resources
Standard
Victory
Conquest
Starting age
Dark Age
Ending age
Imperial Age
RankedLock teamsTeams togetherTeam positionsShared explorationLock speedFull tech treeHidden civsTurbo modeCheats
Victory
Defeat
🇧🇷 Khmer · Brazil
638
+18
🇺🇸 Khmer · United States
677
-18
GardenToad
1:56 Loom
12:19 Feudal Age
14:05 Double-Bit Axe
14:02 Horse Collar
15:27 Wheelbarrow
16:49 Gold Mining
16:49 Stone Mining
20:14 Forging
20:04 Scale Mail Armor
20:09 Scale Barding Armor
26:48 Castle Age
28:46 Redemption
34:00 Imperial Age
35:05 Bow Saw
35:33 Stone Shaft Mining
35:34 Gold Shaft Mining
35:07 Heavy Plow
36:34 Bloodlines
36:24 Husbandry
35:48 Light Cavalry
35:58 Elite Battle Elephant
39:43 Hand Cart
42:31 Chemistry
43:17 Fletching
43:27 Padded Archer Armor
44:04 Iron Casting
43:44 Chain Mail Armor
MeisterNeri
1:33 Loom
16:21 Feudal Age
19:24 Wheelbarrow
18:31 Horse Collar
18:40 Double-Bit Axe
18:46 Gold Mining
18:46 Stone Mining
20:59 Castle Age
18:52 Town Watch
23:23 Hand Cart
24:22 Heavy Plow
26:32 Bloodlines
27:20 Bow Saw
28:04 Gold Shaft Mining
28:02 Fortified Wall
28:14 Ballistics
29:20 Masonry
29:53 Stone Shaft Mining
29:22 Town Patrol
32:14 Husbandry
38:00 Imperial Age
35:51 Tusk Swords
36:05 Scale Barding Armor
36:11 Forging
36:02 Scale Mail Armor
36:03 Padded Archer Armor
35:54 Fletching
36:02 Light Cavalry
38:42 Chain Barding Armor
38:38 Chain Mail Armor
38:58 Iron Casting
38:03 Heavy Scorpion
39:19 Crop Rotation
40:00 Elite Battle Elephant
41:14 Double Crossbow
42:30 Plate Barding Armor
42:13 Leather Archer Armor
43:45 Blast Furnace
44:58 Elite Ballista Elephant
Connection lost

Rejoining the realm…

Still unreachable

The connection could not be restored.

Session expired

The server has moved on; the page needs a fresh start.